 Dungeon Crawl Stone Soup version 0.23.1 (webtiles) character file.

Game seed: 0

121 XSreality the Digger (level 5, -3/29 HPs)
             Began as a Gargoyle Earth Elementalist on Mar 1, 2019.
             Slain by Terence
             ... wielding a +3 vampiric trident
              (9 damage)
             ... on level 3 of the Dungeon.
             The game lasted 00:22:09 (3324 turns).

XSreality the Digger (Gargoyle Earth Elementalist)  Turns: 3324, Time: 00:22:10

Health: -3/29      AC:  6    Str: 11    XL:     5   Next: 5%
Magic:  1/9        EV: 12    Int: 17    God:
Gold:   130        SH:  0    Dex: 10    Spells: 6/10 levels left

rFire    + + .     SeeInvis .   f - +1 dagger (speed)
rCold    . . .     Gourm    .   (no shield)
rNeg     + . .     Faith    .   c - +0 robe
rPois    ∞         Spirit   .   (no helmet)
rElec    +         Reflect  .   l - scarf {rC+ rF+}
rCorr    .         Harm     .   (no gloves)
MR       .....                  (no boots)
Stlth    ++........             (no amulet)
HPRegen  0.09/turn              h - ring of fire
MPRegen  0.11/turn              (no ring)

@: no status effects
A: negative energy resistance 1, electricity resistance, unbreathing,
petrification resistance, rot immunity, AC +4
a: no special abilities


You were on level 3 of the Dungeon.
You were very hungry.

You visited 1 branch of the dungeon, and saw 3 of its levels.

You collected 130 gold pieces.

Inventory:

Hand Weapons
 f - a +1 dagger of speed (weapon)
Missiles
 b - 81 stones (quivered)
Armour
 c - a +0 robe (worn)
 l - a scarf of resistance (worn)
 o - a scarf of spirit shield
 r - a +0 shield
Jewellery
 h - a ring of fire (left hand)
Scrolls
 a - a scroll of blinking {unknown}
 i - 2 scrolls of teleportation {unknown}
 j - 2 scrolls of remove curse {unknown}
 k - 2 scrolls of identify {unknown}
 m - a scroll of enchant armour {unknown}
 n - a scroll of immolation {unknown}
Potions
 e - 2 potions of curing
 g - a potion of degeneration {unknown}
 p - a potion of haste
Comestibles
 d - 5 rations


   Skills:
 - Level 1.1 Fighting
 - Level 1.5 Dodging
 - Level 2.1 Stealth
 + Level 3.0 Spellcasting
 + Level 1.5 Conjurations
   Level 0.7 Transmutations
 * Level 5.3 Earth Magic


You had 6 spell levels left.
You knew the following spells:

 Your Spells              Type           Power        Failure   Level  Hunger
a - Sandblast             Erth           ###...       1%          1    None
b - Stone Arrow           Conj/Erth      ##....       13%         3    ###....

Your spell library contained the following spells:

 Spells                   Type           Power        Failure   Level  Hunger
 Passwall                 Tmut/Erth      ##......     8%          2    ##.....
 Petrify                  Tmut/Erth      ##......     45%         4    ####...
 Lee's Rapid Deconstruct  Erth           ###.......   47%         5    ######.


Dungeon Overview and Level Annotations

Branches:
Dungeon (3/15)

Altars:

Annotations:
D:3 Terence


Innate Abilities, Weirdness & Mutations

You are resistant to torment.
Your stone body is resilient. (AC +4)
You are immune to poison.
You resist negative energy. (rN+)
You are resistant to electric shocks. (rElec)
You can survive without breathing.
You are immune to petrification.
You are immune to rotting.


Message History

All of the chunks of flesh in your inventory have rotted away.
There is an open gate here.
Casting: Sandblast (safe; 1% risk of failure)
Confirm with . or Enter, or press ? or * to list all spells.
Aiming: Sandblast (safe; 1% risk of failure)
Press: ? - help, Shift-Dir - straight line, f/p - Terence
Aim: Terence, wielding a +3 vampiric trident, wearing a +0 chain mail and carrying a wand of random effects (23) (severely wounded)
The blast of sand hits Terence but does no damage.
Terence is severely wounded.
b - 81 stones Terence barely misses you.
Terence closely misses you.
You see here 2 stones.
Terence shouts, "Get ready for death!"
Terence hits you from afar with a +3 vampiric trident!
* * * LOW HITPOINT WARNING * * *
You see here 3 stones.
There is a stone staircase leading up here.
Terence hits you from afar with a +3 vampiric trident!
You die...

#######..... #....##.####
#....##.#### #....+......
####### #....##(####
≈≈≈≈≈≈## #....(..#
≈≈≈≈≈≈≈## #....####
.....≈≈≈# ### #.....#
......≈≈# #@# ##.##.#
####..≈≈# #.# #.# .#
...#..≈≈## #@# #.# .#
.÷)').≈≈≈#######.######.#
.#
...#..≈≈≈#..............#
.#
########≈≈(##############
.# .......#≈≈(#
.....(.'...# )..(((('...#


You could see Terence.

Vanquished Creatures
  An orc wizard (D:3)
  3 adders (D:2)
  2 worms (D:3)
  A dart slug (D:2)
  9 orcs (D:3)
  6 bats
  2 giant cockroaches
  7 goblins
  5 hobgoblins
  A jackal (D:3)
  A quokka (D:3)
  A ball python (D:2)
  5 frilled lizards
  4 kobolds
  7 rats
55 creatures vanquished.

Notes
Turn   | Place    | Note
-------+----------+-------------------------------------------
     0 | D:1      | XSreality the Gargoyle Earth Elementalist began the quest
                  | for the Orb.
     0 | D:1      | Reached XP level 1. HP: 10/10 MP: 3/3
   587 | D:1      | Reached XP level 2. HP: 16/16 MP: 3/5
   721 | D:2      | Reached skill level 4 in Earth Magic
   804 | D:2      | Reached skill level 1 in Fighting
   830 | D:2      | Reached XP level 3. HP: 20/20 MP: 4/6
   838 | D:2      | Learned a level 3 spell: Stone Arrow
  1705 | D:3      | Reached XP level 4. HP: 17/25 MP: 0/8
  2013 | D:3      | Reached skill level 1 in Conjurations
  2013 | D:3      | Reached skill level 5 in Earth Magic
  2558 | D:3      | Noticed Terence
  2863 | D:3      | Noticed an ogre
  3020 | D:3      | Reached XP level 5. HP: 29/29 MP: 9/9
  3324 | D:3      | Slain by Terence

Skill      XL: |  1  2  3  4  5 |
---------------+----------------+-----
Earth Magic    | 4 5 |  5.3
Fighting       | 1 |  1.1
Conjurations   | 1 |  1.5
Spellcasting   | 3 |  3.0
Dodging        | |  1.5
Stealth        | |  2.1
Transmutations | |  0.7

Action                   |  1- 3 |  4- 6 || total
-------------------------+-------+-------++-------
Melee: Unarmed           |    16 |       ||    16
       Dagger            |     9 |    51 ||    60
 Cast: Sandblast         |    30 |    54 ||    84
       Stone Arrow       |       |     5 ||     5
 Stab: Sleeping          |     1 |     1 ||     2
  Eat: Chunk             |     1 |     6 ||     7
Armor: Robe              |    21 |    27 ||    48
Dodge: Dodged            |    32 |    58 ||    90
